 Dungeon Crawl Stone Soup version 0.31-a0-162-gc4c5a43528 (webtiles) character file.

Game seed: 4138582693079773046

83 qw the Shooter (level 4, -4/40 HPs)
             Began as a Naga Hunter on June 12, 2023.
             Slain by a gnoll
             ... wielding a +0 halberd
              (14 damage)
             ... on level 3 of the Dungeon.
             The game lasted 00:00:41 (1550 turns).

qw the Shooter (Naga Hunter)                        Turns: 1550, Time: 00:00:41

Health: -4/40      AC:  2    Str: 13    XL:     4   Next: 44%
Magic:  4/4        EV:  9    Int:  9    God:
Gold:   103        SH:  0    Dex: 17    Spells: 3/3 levels left

rFire   . . .        Y - +1 shortbow
rCold   . . .        (shield currently unavailable)
rNeg    . . .        c - +0 leather armour
rPois   +            (no helmet)
rElec   .            (no cloak)
rCorr   +            (no gloves)
SInv    +            (no barding)
Will    .....        i - amulet of faith
Stlth   ++           f - ring of resist corrosion
HPRegen 0.26/turn    (no ring)
MPRegen 0.09/turn

%: faith
@: short of breath, very slow
A: AC +1, large, see invisible, deformed body, poison resistance, slowness 2,
spit poison 1, naga tail 1
a: Spit Poison


You were on level 3 of the Dungeon.
You visited 1 branch of the dungeon, and saw 3 of its levels.

You collected 103 gold pieces.


Innate Abilities, Weirdness & Mutations

Your serpentine skin is tough. (AC +1)
You have supernaturally acute eyesight. (SInv)
Armour fits poorly on your strangely shaped body.
Your system is resistant to poisons. (rPois)
You cover ground very slowly.
You can spit poison.
You have a snake-like lower body.


   Skills:
 + Level 2.4 Fighting
 - Level 5.0 Ranged Weapons
 - Level 1.5 Dodging
 - Level 1.5 Stealth


You had 3 spell levels left.
You didn't know any spells.
Your spell library was empty.

Inventory:

Hand Weapons
 Y - a +1 shortbow (weapon)
Armour
 c - a +0 leather armour (worn)
Jewellery
 f - a ring of resist corrosion (left hand)
 i - an amulet of faith (around neck)
Scrolls
 a - a scroll of summoning {unknown}
Potions
 b - 2 potions of curing {unknown}
 d - a potion of lignification {unknown}
 j - a potion of brilliance {unknown}
 k - a potion of berserk rage {unknown}

Dungeon Overview and Level Annotations

Branches:
Dungeon (3/15)

Altars:
Wu Jian


Message History

The gnoll shouts!
You hear an angry hiss.
You hear a shout!
A gnoll comes into view. It is wielding a +0 halberd.
You hear a shout!
Enter note:
Enter note:
1542 ||| INVOKING Spit Poison.
Aiming: Spit Poison (1% risk of failure)
Press: ? - help, Shift-Dir - straight line, f - gnoll The splash of poison misses the gnoll.
You shoot an arrow. The arrow hits the endoplasm.
You kill the endoplasm!
A frilled lizard comes into view.
You shoot an arrow. The arrow hits the gnoll.
The gnoll is moderately wounded.
You shoot an arrow. The arrow hits the gnoll.
The gnoll is moderately wounded.
You shoot an arrow. The arrow closely misses the gnoll.
A bat comes into view.
The gnoll hits you with a +0 flail.
You shoot an arrow. The arrow barely misses the gnoll.
You have got your breath back.
Something hits the plant.
The plant begins to die.
The gnoll misses you. The gnoll barely misses you.
1548 ||| INVOKING Spit Poison.
Aiming: Spit Poison (1% risk of failure)
Press: ? - help, Shift-Dir - straight line, f/p - gnoll The splash of poison misses the gnoll.
The frilled lizard bites the plant.
The gnoll hits you with a +0 flail.
The gnoll hits you from afar with a +0 halberd!
You shoot an arrow. The arrow closely misses the gnoll.
Something hits the plant.
The gnoll hits you from afar with a +0 halberd!
The frilled lizard bites the plant.
The gnoll hits you with a +0 flail.
Something hits the plant.
You shoot an arrow.
The arrow hits the gnoll but does no damage.
The gnoll is moderately wounded.
Something completely misses the plant.
Something hits the plant.
The gnoll hits you from afar with a +0 halberd!
You die...

#.......#P.777.7.PP77...
###...##...7 .P..P.77...
#...##777. P..7777PP..
#...# ...77P...... #...#
.77. ..P777. ###.# .7
...P. 7. #.# ..7 #.
#.#77 7.. #..@7 P...
#.##ggP!... .P#. #.#
#7l#... ..#. #.# .. #.#
)_= #.# .. #.# . #.#


You could see 2 gnolls and a frilled lizard.

Vanquished Creatures
  3 adders (D:2)
  A worm (D:3)
  A dart slug (D:1)
  7 bats
  6 endoplasms
  2 goblins
  3 hobgoblins
  4 jackals (D:2)
  5 kobolds
  4 quokkas
  4 ball pythons
  6 frilled lizards
  3 rats
49 creatures vanquished.

Notes
Turn   | Place    | Note
-------+----------+-------------------------------------------
     0 | D:1      | qw the Naga Hunter began the quest for the Orb.
     0 | D:1      | Reached XP level 1. HP: 19/19 MP: 1/1
     0 | D:1      | 0 ||| qw: Version: 0.2-a-29-gc1b59c4
     0 | D:1      | 0 ||| qw: Game counter: 4424
     0 | D:1      | 0 ||| qw: Always use a shield: true
     0 | D:1      | 0 ||| qw: God list: Okawaru
     0 | D:1      | 0 ||| qw: Allow faded altars: false
     0 | D:1      | 0 ||| qw: Do Orc after D:15 true
     0 | D:1      | 0 ||| qw: Do second Lair branch before Depths: true
     0 | D:1      | 0 ||| qw: Lair rune preference: random
     0 | D:1      | 0 ||| qw: Plans: Normal
     0 | D:1      | 0 ||| PLANNING D:1-11
    76 | D:1      | 76 ||| INVOKING Spit Poison.
    89 | D:1      | 89 ||| INVOKING Spit Poison.
   108 | D:1      | 108 ||| INVOKING Spit Poison.
   112 | D:1      | 112 ||| INVOKING Spit Poison.
   113 | D:1      | 113 ||| INVOKING Spit Poison.
   165 | D:1      | 165 ||| INVOKING Spit Poison.
   166 | D:1      | Reached skill level 4 in Ranged Weapons
   166 | D:1      | Reached XP level 2. HP: 26/26 MP: 2/2
   187 | D:1      | 187 ||| INVOKING Spit Poison.
   210 | D:1      | 210 ||| INVOKING Spit Poison.
   216 | D:1      | 216 ||| INVOKING Spit Poison.
   238 | D:1      | 238 ||| INVOKING Spit Poison.
   265 | D:1      | Found a faded altar of an unknown god.
   294 | D:1      | 294 ||| INVOKING Spit Poison.
   299 | D:1      | 299 ||| INVOKING Spit Poison.
   365 | D:1      | 365 ||| INVOKING Spit Poison.
   374 | D:1      | 374 ||| INVOKING Spit Poison.
   442 | D:1      | 442 ||| INVOKING Spit Poison.
   537 | D:1      | 537 ||| INVOKING Spit Poison.
   754 | D:1      | 754 ||| UPGRADING to amulet of guardian spirit.
   759 | D:1      | 759 ||| UPGRADING to ring of resist corrosion.
   760 | D:1      | 760 ||| READING scroll labelled SUGAQAAMMO.
   761 | D:1      | 761 ||| READING scroll labelled EVIENIMMUO.
   764 | D:1      | 764 ||| DRINKING 3 glowing brown potions.
   765 | D:1      | 765 ||| DROPPING scroll of butterflies.
   766 | D:1      | 766 ||| DROPPING 2 potions of attraction.
   815 | D:2      | Reached XP level 3. HP: 32/32 MP: 3/3
   817 | D:2      | 817 ||| INVOKING Spit Poison.
   830 | D:2      | 830 ||| INVOKING Spit Poison.
   835 | D:2      | 835 ||| INVOKING Spit Poison.
   916 | D:2      | 916 ||| INVOKING Spit Poison.
  1009 | D:2      | 1009 ||| INVOKING Spit Poison.
  1035 | D:2      | 1035 ||| INVOKING Spit Poison.
  1047 | D:2      | 1047 ||| INVOKING Spit Poison.
  1049 | D:2      | Reached skill level 5 in Ranged Weapons
  1049 | D:2      | Reached XP level 4. HP: 39/39 MP: 4/4
  1170 | D:2      | 1170 ||| INVOKING Spit Poison.
  1187 | D:2      | 1187 ||| INVOKING Spit Poison.
  1209 | D:2      | 1209 ||| INVOKING Spit Poison.
  1221 | D:2      | 1221 ||| INVOKING Spit Poison.
  1243 | D:2      | 1243 ||| INVOKING Spit Poison.
  1258 | D:2      | 1258 ||| INVOKING Spit Poison.
  1264 | D:2      | 1264 ||| INVOKING Spit Poison.
  1399 | D:2      | 1399 ||| UPGRADING to amulet of faith.
  1409 | D:2      | 1409 ||| DROPPING amulet of guardian spirit.
  1410 | D:2      | 1410 ||| READING 2 scrolls labelled ZAHISAE PAUDGHIM.
  1411 | D:2      | 1411 ||| READING scroll labelled ZAFANL BOSKYZ.
  1412 | D:2      | 1412 ||| READING scroll labelled FOSMICL MORR.
  1413 | D:2      | 1413 ||| READING scroll labelled WEOR GIONT.
  1414 | D:2      | 1414 ||| DROPPING scroll of amnesia.
  1419 | D:3      | 1419 ||| INVOKING Spit Poison.
  1423 | D:3      | 1423 ||| INVOKING Spit Poison.
  1446 | D:3      | 1446 ||| INVOKING Spit Poison.
  1452 | D:3      | 1452 ||| INVOKING Spit Poison.
  1457 | D:3      | 1457 ||| INVOKING Spit Poison.
  1468 | D:3      | 1468 ||| INVOKING Spit Poison.
  1491 | D:3      | 1491 ||| INVOKING Spit Poison.
  1532 | D:3      | Found an ornate altar of the Wu Jian Council.
  1542 | D:3      | 1542 ||| INVOKING Spit Poison.
  1548 | D:3      | 1548 ||| INVOKING Spit Poison.
  1549 | D:3      | HP: 10/40 [gnoll/+0 flail (2)]
  1550 | D:3      | Slain by a gnoll

Levels and vault maps discovered:
D:1:      evilmike_arrival_fibonacci_small, layout_basic,
          shapermc_ecumenical_altar_totnotflames, minmay_pentomino_r2
D:2:      kennysheep_six_static_rooms, layout_basic
D:3:      wad_woods_stonehenge, layout_basic

Skill      XL: |  1  2  3 |
---------------+----------+-----
Ranged Weapons | 4 5 |  5.0
Fighting       | |  2.4
Dodging        | |  1.5
Stealth        | |  1.5

Action                     |  1- 3 |  4- 6 || total
---------------------------+-------+-------++-------
   Fire: Shortbow          |    43 |    30 ||    73
Ability: Spit Poison       |    22 |    16 ||    38
    Use: Scroll            |     2 |     4 ||     6
         Potion            |     1 |       ||     1
 Armour: Leather armour    |     5 |     2 ||     7
  Dodge: Dodged            |     6 |     4 ||    10

Table legend:
 A = Non-vault XP
 B = Vault XP
 C = Vault XP percentage of total XP
 D = Non-vault monster count
 E = Vault monster count
 F = Vault count percentage of total count
                 A         B        C        D         E       F
            +---------+---------+-------+---------+---------+-------
      Total |     101 |      18 |  15.1 |      38 |      11 |  22.4
            +---------+---------+-------+---------+---------+-------
        D:1 |      29 |       3 |   9.4 |      18 |       2 |  10.0
        D:2 |      60 |       9 |  13.0 |      14 |       6 |  30.0
        D:3 |      12 |       6 |  33.3 |       6 |       3 |  33.3
            +---------+---------+-------+---------+---------+-------
